 Dungeon Crawl Stone Soup version 0.28-a0-1190-g77e1c55843 (webtiles) character file.

Game seed: 6454587854248120967

2785 frimble the Skirmisher (level 9, 0/73 HPs)
             Began as a Demonspawn Warper on Dec 19, 2021.
             Slain by a fire elemental (11 damage)
             ... summoned by a deep elf pyromancer
             ... on level 8 of the Dungeon.
             The game lasted 00:08:42 (4912 turns).

frimble the Skirmisher (Demonspawn Warper)          Turns: 4912, Time: 00:08:43

Health: 0/73       AC:  4    Str: 11    XL:     9   Next: 43%
Magic:  12/12      EV: 12    Int: 18    God:
Gold:   309        SH: 11    Dex: 20    Spells: 10/12 levels left

rFire   . . .      SeeInvis +   a - +1 falchion (protect)
rCold   . . .      Faith    .   o - +0 buckler
rNeg    . . .      Spirit   .   b - +1 leather armour
rPois   .          Reflect  +   (helmet restricted)
rElec   .          Harm     .   (no cloak)
rCorr   .          Rampage  .   (no gloves)
Will    .....                   (no boots)
Stlth   +.........              e - amulet of reflection
HPRegen 0.22/turn               i - +6 ring of dexterity
MPRegen 0.13/turn               f - ring of see invisible

@: no status effects
A: antennae 1, demonic guardian 2, powered by death 3
a: no special abilities


You were on level 8 of the Dungeon.
You visited 1 branch of the dungeon, and saw 7 of its levels.

You collected 309 gold pieces.

Inventory:

Hand Weapons
 a - a +1 falchion of protection (weapon)
Missiles
 d - 5 boomerangs of dispersal
 g - 12 boomerangs (quivered)
Armour
 b - a +1 leather armour (worn)
 h - a +4 plate armour
 o - a +0 buckler (worn)
Jewellery
 e - an amulet of reflection (around neck)
 f - a ring of see invisible (right hand)
 i - a +6 ring of dexterity (left hand)
Wands
 k - a wand of iceblast (2)
 t - a wand of flame (32)
Scrolls
 j - 2 scrolls of brand weapon
 l - a scroll of identify


   Skills:
 + Level 7.7 Fighting
 - Level 6.0 Long Blades
 - Level 3.0 Throwing
 - Level 0.8 Armour
 - Level 1.7 Dodging
 - Level 4.0 Shields
 - Level 2.0 Spellcasting
 - Level 4.0 Translocations
 - Level 5.3 Evocations


You had 10 spell levels left.
You knew the following spells:

 Your Spells              Type           Power      Damage    Failure   Level
a - Blink                 Tloc           32%        N/A       7%          2

Your spell library contained the following spells:

 Spells                   Type           Power      Damage    Failure   Level
 Gell's Gravitas          Tloc           16%        N/A       14%         3
 Lesser Beckoning         Tloc           16%        N/A       14%         3
 Teleport Other           Tloc           16%        N/A       14%         3
 Magic Dart               Conj           4%         1d3       24%         1
 Sandblast                Erth           2%         2d4       24%         1
 Call Imp                 Summ           1%         N/A       34%         2
 Passwall                 Tmut/Erth      0%         N/A       34%         2
 Mephitic Cloud           Conj/Pois/Air  1%         N/A       56%         3
 Stone Arrow              Conj/Erth      2%         3d7       56%         3
 Manifold Assault         Tloc           16%        N/A       77%         5
 Dispersal                Tloc           8%         N/A       100%        6


Dungeon Overview and Level Annotations

Branches:
Dungeon (6/15)
 Temple: D:4-7

Altars:
Kikubaaqudgha
Okawaru
Qazlal
Sif Muna
Xom
Yredelemnul
Zin

Shops:
D:1 *


Innate Abilities, Weirdness & Mutations

You have a pair of small antennae on your head.
A demonic guardian rushes to your aid.
You regenerate a lot of health from kills.


Message History

The fire elemental burns your ice devil!
Your ice devil is burned terribly!
The fire elemental misses you.
The fire elemental closely misses your ice devil.
The deep elf pyromancer points at you and mumbles some strange words.
The sticky flame hits your ice devil!
Your ice devil is burned terribly!
Your ice devil is covered in liquid flames!
Your ice devil hits the deep elf pyromancer but does no damage.
Your ice devil burns!
The fire elemental misses your ice devil.
The deep elf pyromancer casts a spell at you.
The bolt of fire hits your ice devil!!
Your ice devil is burned terribly!
Your ice devil dies!
Your ice devil disappears in a puff of smoke!
The bolt of fire hits the fire elemental.
The fire elemental completely resists.
The bolt of fire hits you!!
* * * LOW HITPOINT WARNING * * *
Okay, then.
Unknown command.
Okay, then.
Unknown command.
You aren't carrying any potions.
You block the fire elemental's attack.
Found 28 stones.
Found an Everburning Encyclopedia.
The fire elemental barely misses you. You block the fire elemental's attack.
You block the fire elemental's attack.
Found 18 gold pieces.
Found a stone staircase leading up.
The fire elemental hits you. The fire elemental burns you!
* * * LOW HITPOINT WARNING * * *
A demonic guardian appears!
Your hellwing closely misses the fire elemental. x2
Your hellwing closely misses the fire elemental.
Your hellwing hits the fire elemental but does no damage.
There is a stone staircase leading up here.
The fire elemental hits you. The fire elemental burns you!
You die...

### .. ##### #.##
#... #... ###.#
#..## ....# #..@#
....###########E##
..°.##.......°E4#
.......#######..#
..###### #..# ...
...# ..## ..$.#
... ....# ..#
.....#


You could see 2 fire elementals and a friendly hellwing (summoned).

Vanquished Creatures
  A two-headed ogre (D:8)
  Sigmund (D:2)
  A yak (D:8)
  A steam dragon (D:8)
  2 sky beasts (D:5)
  2 ogres (D:6)
  A centaur (D:8)
  A bullfrog (D:6)
  3 scorpions
  A jelly (D:5)
  A bullfrog skeleton (D:6)
  A hound (D:5)
  2 orc priests
  3 iguanas
  An orc wizard (D:3)
  A hound zombie (D:5)
  2 adders
  6 orcs
  7 endoplasms
  3 giant cockroaches
  6 goblins
  A hobgoblin (D:2)
  6 jackals
  6 quokkas
  9 ball pythons
  4 bats
  3 frilled lizards (D:1)
  5 kobolds
  7 rats
88 creatures vanquished.

Vanquished Creatures (collateral kills)
  2 steam dragons
  A black bear (D:5)
  A sky beast (D:5)
  2 ogres (D:5)
  A scorpion (D:6)
  A wight (D:8)
  An iguana (D:5)
  A shadow imp (D:8)
  An orc (D:6)
  An endoplasm (D:2)
  A hobgoblin (D:2)
  A ball python (D:2)
14 creatures vanquished.

Vanquished Creatures (others)
  An acid dragon (D:8)
  4 plants (D:8)
5 creatures vanquished.

Grand Total: 107 creatures vanquished

Notes
Turn   | Place    | Note
-------+----------+-------------------------------------------
     0 | D:1      | frimble the Demonspawn Warper began the quest for the Orb.
     0 | D:1      | Reached XP level 1. HP: 16/16 MP: 3/3
   275 | D:1      | Gained mutation: A weak demonic guardian rushes to your
                  | aid. [demonic ancestry]
   275 | D:1      | Reached XP level 2. HP: 14/22 MP: 5/5
  1132 | D:1      | Found a faded altar of an unknown god.
  1244 | D:1      | Found Goxt's Assorted Antiques.
  1348 | D:2      | Gained mutation: You regenerate a little health from kills.
                  | [demonic ancestry]
  1348 | D:2      | Reached XP level 3. HP: 27/27 MP: 6/6
  1351 | D:2      | Learned a level 2 spell: Blink
  1666 | D:2      | Noticed Sigmund
  1684 | D:2      | Killed Sigmund
  1685 | D:2      | Reached skill level 5 in Long Blades
  1685 | D:2      | Gained mutation: You have a pair of small antennae on your
                  | head. [demonic ancestry]
  1685 | D:2      | Reached XP level 4. HP: 33/33 MP: 7/7
  1685 | D:2      | Gained mutation: You regenerate health from kills. [demonic
                  | ancestry]
  1685 | D:2      | Reached XP level 5. HP: 38/38 MP: 8/8
  2105 | D:3      | Found an iron altar of Okawaru.
  2325 | D:3      | Gained mutation: A demonic guardian rushes to your aid.
                  | [demonic ancestry]
  2325 | D:3      | Reached XP level 6. HP: 26/44 MP: 9/9
  2680 | D:4      | Noticed a steam dragon
  2736 | D:5      | Entered Level 5 of the Dungeon
  2736 | D:5      | Noticed a sky beast
  2744 | D:5      | Killed a sky beast
  2868 | D:5      | Noticed a sky beast
  2884 | D:5      | Killed a sky beast
  3042 | D:5      | Reached XP level 7. HP: 29/50 MP: 8/10
  3287 | D:5      | Reached skill level 1 in Throwing
  3756 | D:5      | Found a shimmering altar of Xom.
  3758 | D:5      | Found a basalt altar of Yredelemnul.
  3919 | D:5      | Reached skill level 1 in Evocations
  3919 | D:5      | Reached XP level 8. HP: 50/56 MP: 11/11
  3939 | D:5      | Found a shimmering blue altar of Sif Muna.
  4399 | D:6      | Found a stormy altar of Qazlal.
  4400 | D:6      | Found an ancient bone altar of Kikubaaqudgha.
  4446 | D:6      | Reached skill level 5 in Evocations
  4611 | D:6      | Reached skill level 3 in Fighting
  4726 | D:6      | You fall into a shaft and drop 2 floors!
  4729 | D:8      | Noticed a two-headed ogre
  4750 | D:8      | Killed a two-headed ogre
  4751 | D:8      | Reached skill level 6 in Fighting
  4751 | D:8      | Gained mutation: You regenerate a lot of health from kills.
                  | [demonic ancestry]
  4751 | D:8      | Reached XP level 9. HP: 19/69 MP: 12/12
  4830 | D:8      | Reached skill level 7 in Fighting
  4883 | D:8      | Noticed a deep elf pyromancer
  4889 | D:8      | Noticed a gargoyle
  4912 | D:8      | Slain by a fire elemental

Illustrated notes

Levels and vault maps discovered:
D:1:      minmay_arrival_shattered_statue, layout_loops_corners, serial_shops,
          nicolae_shop_trees, dilly_ecumenical_altar_fadedgnrine,
          bh_walls_and_bars
D:2:      layout_basic, uniq_sigmund
D:3:      layout_rooms, okawaru_metal_pillars_3
D:4:      layout_cave_pools, fedhas_altar_fruit_tree, makhleb_heckhound_becter,
          chequers_serial_rivers_large_b, grunt_decor_junction,
          eino_small_chamber_without_monster, minmay_manual_mess, uniq_grinder
D:5:      layout_rooms, nicolae_overflow_squiral,
          chequers_temple_overflow_statue_of_worship
D:6:      cheibrodos_quashed, layout_basic, mainiacjoe_overflow_large_starburst,
          item_on_display_a
D:8:      layout_basic, minmay_shattered_shrine

Skill      XL: |  1  2  3  4  5  6  7  8  9 |
---------------+----------------------------+-----
Long Blades    | 2 3 5 6 |  6.0
Shields        | 3 4 |  4.0
Translocations | 4 |  4.0
Throwing       | 3 |  3.0
Evocations     | 1 5 |  5.3
Fighting       | 6 7 |  7.7
Armour         | |  0.8
Dodging        | |  1.7
Spellcasting   | |  2.0

Action                   |  1- 3 |  4- 6 |  7- 9 || total
-------------------------+-------+-------+-------++-------
Melee: Falchion          |    94 |   135 |   192 ||   421
Throw: Boomerang         |     1 |    10 |     6 ||    17
 Cast: Blink             |       |     1 |     6 ||     7
Evoke: Wand              |       |       |     7 ||     7
  Use: Scroll            |     1 |     4 |     8 ||    13
       Potion            |       |       |     4 ||     4
 Stab: Sleeping          |     1 |     3 |     1 ||     5
       Distracted        |     1 |     2 |       ||     3
Armor: Leather armour    |    24 |    58 |    72 ||   154
Dodge: Dodged            |    63 |    76 |    91 ||   230
Block: Other             |    18 |    33 |    28 ||    79
       Buckler           |       |       |    29 ||    29
       Reflection        |       |       |     1 ||     1

Table legend: (Time is in decaauts)
 A = Elapsed time spent in this place.
 B = Non-inter-level travel time spent in this place.
 C = Inter-level travel time spent in this place.
 D = Time resting spent in this place.
 E = Time spent auto-exploring this place.
 F = Levels seen in this place.
 G = Mean time per level.
                   A        B        C        D        E       F      G
               +--------+--------+--------+--------+--------+-----+--------+
         Total |   4917 |   4841 |     76 |    102 |   3724 |   7 |  702.4 |
       Dungeon |   4917 |   4841 |     76 |    102 |   3724 |   7 |  702.4 |
               +--------+--------+--------+--------+--------+-----+--------+

Top non-repeatable levels by time:
     D:5: 1596 daAuts
     D:1: 1346 daAuts
     D:2: 653 daAuts
     D:3: 602 daAuts
     D:6: 402 daAuts
     D:8: 166 daAuts
     D:4: 149 daAuts
